 Dungeon Crawl Stone Soup version 0.17-a0-1753-g75d4604 (webtiles) character file.

1363 shakdrar the Ruffian (level 8, 0/79 HPs)
             Began as a Troll Monk on Sept 2, 2015.
             Was a Believer of Trog.
             Slain by an unseen horror (2 damage)
             ... on level 6 of the Dungeon.
             The game lasted 00:17:58 (5013 turns).

shakdrar the Ruffian (Troll Monk)                   Turns: 5013, Time: 00:17:59

Health: 0/79       AC:  6    Str: 22    XL:     8   Next: 38%
Magic:  7/7        EV: 11    Int:  6    God:    Trog [**....]
Gold:   344        SH:  0    Dex: 10    Spells: 0 memorised, 7 levels left

rFire  . . .     SeeInvis .       - Unarmed
rCold  . . .     Clarity  .     a - +0 robe
rNeg   . . .     SustAt   .     (no shield)
rPois  .         Gourm    +     (helmet restricted)
rElec  .         Spirit   .     e - +0 cloak
rCorr  .         Warding  .     (gloves unavailable)
rMut   .         Stasis   .     (boots unavailable)
MR     .....                    (no amulet)
Stlth  +.........               (no ring)
                                (no ring)

@: not resistant to hostile enchantments, very unstealthy
A: unfitting armour, claws 3, horns 1, talons 1, clumsy 1, fast metabolism 3,
gourmand, regeneration 2, shaggy fur 1, tough skin 2
a: Burn Spellbooks, Berserk, Trog's Hand, Renounce Religion


You were on level 6 of the Dungeon.
You worshipped Trog.
Trog was pleased with you.
You were very full.

You visited 2 branches of the dungeon, and saw 7 of its levels.
You also visited: Sewer.

You collected 344 gold pieces.

Inventory:

Missiles
 y - 12 poisoned needles
Armour
 a - a +0 robe (worn)
 e - a +0 cloak (worn)
Jewellery
 j - an uncursed amulet of regeneration
 v - a cursed ring of teleportation
Magical devices
 f - a wand of magic darts (39)
 i - a wand of enslavement (17)
 l - a wand of magic darts (21)
Scrolls
 g - 2 scrolls of remove curse
 k - 2 scrolls of identify
 o - 6 scrolls of teleportation
 t - 2 scrolls of fog
 u - a scroll of amnesia
Potions
 c - 2 potions of curing
 m - a potion of haste {unknown}
 n - 3 potions of brilliance
 q - 2 potions of magic
 r - a potion of resistance
 s - a potion of poison {unknown}
 w - a potion of might
Books
 h - a book of Envenomations

   Spells                             Type                      Level
   a - Spider Form                    Transmutation/Poison         3
   b - Alistair's Intoxication        Transmutation/Poison         4
   c - Olgreb's Toxic Radiance        Poison                       4
   d - Poisonous Cloud                Conjuration/Poison/Air       6
   Trog disapproves of the use of such an item.
Comestibles
 b - 7 bread rations
 d - 9 fruits
 x - a beef jerky
 z - a slice of pizza
 A - 4 chunks of flesh


   Skills:
 + Level 4.6 Fighting
 + Level 5.7 Dodging
 - Level 2.1 Stealth
 + Level 7.1 Unarmed Combat
 * Level 0.9 Evocations


You had 7 spell levels left.
You didn't know any spells.

Dungeon Overview and Level Annotations

Branches:
Dungeon (6/15)             Temple (1/1) D:5

Altars:
Ashenzari
Cheibriados
Dithmenos
Fedhas
Gozag
Kikubaaqudgha
Makhleb
Nemelex Xobeh
Okawaru
Qazlal
Ru
Sif Muna
Trog
Vehumet
Xom
Yredelemnul
Zin
The Shining One


Innate Abilities, Weirdness & Mutations

You are too large for most types of armour.
You have claws for hands.
Your metabolism is lightning-fast.
You like to eat raw meat.
You heal very quickly.
You are covered in fur (AC +1).
You have very tough skin (AC +2).
You have a pair of small horns on your head.
You have sharp toenails.
You are clumsy. (Dex -2)


Message History

The giant frog hits you but does no damage.
Things that are here:
a hand axe; a leather armour; an orc corpse Something hits you!
Something hits you.
* * * LOW HITPOINT WARNING * * *
The giant frog hits you.
* * * LOW HITPOINT WARNING * * *
Something hits you!
* * * LOW HITPOINT WARNING * * *
Drink which item? (? for menu, Esc to quit)
You feel much better. Something hits you!
* * * LOW HITPOINT WARNING * * *
The giant frog hits you!
* * * LOW HITPOINT WARNING * * *
Something hits you!
* * * LOW HITPOINT WARNING * * *
The giant frog barely misses you. Something hits you.
You die...

#........# #.#
#........# #.#
#........###.#
###'###..†...#
#..####.##.#
##.## #....#
#..# ###..##
##.# #...#
#.## ##@.#
######..#
#.F###########
#.......#
#...o.........
####.......#
#.............
...........##
#....)).......
............#
#....).)......
............#
#.............
^...........##
#.............
####.........#
#.............


You could see a giant frog and an orc.

Vanquished Creatures
  The ghost of Pirate the Poker, an experienced CeFi of Okawaru (D:5)
  Edmund (D:4)
  A water moccasin (D:5)
  2 phantoms
  A scorpion (D:4)
  A giant frog zombie (D:6)
  2 orc priests
  A giant frog skeleton (D:4)
  3 hounds
  An iguana (D:6)
  3 orc wizards
  2 worker ants
  A hound skeleton (D:4)
  Robin (D:3)
  9 adders
  2 river rats
  An adder zombie (D:5)
  An ooze (D:1)
  An adder skeleton (D:4)
  5 worms
  3 giant geckos
  17 orcs
  3 ball pythons
  4 bats
  6 hobgoblins
  5 jackals (D:3)
  5 kobolds
  5 quokkas
  6 giant cockroaches
  A giant gecko skeleton (D:5)
  11 giant newts
  16 goblins
  A jackal skeleton (D:5)
  3 quokka skeletons
  8 rats
134 creatures vanquished.

Notes
Turn   | Place    | Note
--------------------------------------------------------------
     0 | D:1      | shakdrar the Troll Monk began the quest for the Orb.
     0 | D:1      | Reached XP level 1. HP: 22/22 MP: 0/0
   391 | D:1      | Reached XP level 2. HP: 17/29 MP: 1/1
   864 | D:2      | Reached XP level 3. HP: 27/36 MP: 2/2
  1710 | D:3      | Found an opulent altar of Gozag.
  1773 | D:3      | Reached XP level 4. HP: 44/44 MP: 3/3
  2121 | D:3      | Noticed Robin
  2157 | D:3      | Reached skill level 5 in Unarmed Combat
  2157 | D:3      | Reached XP level 5. HP: 41/53 MP: 4/4
  2162 | D:3      | Killed Robin
  2347 | D:3      | Found a shattered altar of Ashenzari.
  2557 | D:4      | Found a glowing drain.
  2633 | Sewer    | Entered a sewer
  2685 | Sewer    | Reached XP level 6. HP: 61/61 MP: 5/5
  3102 | D:4      | Noticed Edmund
  3114 | D:4      | Killed Edmund
  3161 | D:4      | Noticed a phantom
  3185 | D:4      | Killed a phantom
  3212 | D:4      | Reached XP level 7. HP: 68/68 MP: 6/6
  3625 | D:5      | Entered Level 5 of the Dungeon
  3774 | D:5      | Found a staircase to the Ecumenical Temple.
  3794 | Temple   | Entered the Ecumenical Temple
  3809 | Temple   | Became a worshipper of Trog the Wrathful
  3809 | Temple   | Acquired Trog's first power
  3809 | Temple   | Acquired Trog's second power
  3954 | D:5      | Gained mutation: You have sharp toenails. [potion of mutation]
  3954 | D:5      | Gained mutation: You have a pair of small horns on your head. [potion of mutation]
  3954 | D:5      | Gained mutation: You are clumsy. (Dex -2) [potion of mutation]
  4095 | D:5      | Reached skill level 6 in Unarmed Combat
  4220 | D:5      | Reached skill level 5 in Dodging
  4513 | D:5      | Noticed Pirate's ghost (experienced CeFi)
  4530 | D:5      | Killed Pirate's ghost
  4530 | D:5      | Reached XP level 8. HP: 33/79 MP: 7/7
  4912 | D:6      | Reached skill level 7 in Unarmed Combat
  5012 | D:6      | HP: 1/79 [something (9)]
  5013 | D:6      | Slain by an unseen horror

Vault maps used:
D:1:      evilmike_arrival_crescent, serial_forest, infiniplex_forest_corner_2,
          infiniplex_forest_zigzag_1, infiniplex_forest_end_2,
          infiniplex_forest_end_1, infiniplex_forest_lined_1,
          infiniplex_forest_clump_large, infiniplex_forest_clump_tiny,
          minmay_crystal_water, minivault_27, serial_bayou_pond_c
D:3:      minmay_door_path, grunt_temple_overflow_open, first_bread, uniq_robin
D:4:      portal_sewer_entry_a, uniq_edmund
D:5:      minmay_temple_entry_mist
Temple:   lightli_temple_of_artemis
Sewer:    sewer_co_cracked_pipes

Action                   |  1- 3 |  4- 6 |  7- 9 || total
-------------------------+-------+-------+-------++-------
Melee: Unarmed           |    90 |   178 |   143 ||   411
  Use: Potion            |     8 |     1 |     4 ||    13
       Scroll            |     4 |     2 |     6 ||    12
 Stab: Sleeping          |     1 |     1 |     1 ||     3
  Eat: Chunk             |    18 |    12 |    17 ||    47
       Bread ration      |       |       |     1 ||     1
